 Dungeon Crawl Stone Soup version 0.32-a0-290-g598725c5f2 (webtiles) character file.

Game seed: 195886599609513788

472424 jasper the Slayer (level 23, -6/245 HPs)
             Began as a Mountain Dwarf Reaver on Feb 13, 2024.
             Was the Champion of Cheibriados.
             Mangled by a storm dragon zombie (8 damage)
             ... summoned by a mummy priest
             ... on level 7 of a ziggurat.
             The game lasted 01:58:38 (49397 turns).

jasper the Slayer (Mountain Dwarf Reaver)          Turns: 49397, Time: 01:58:38

Health: -6/245     AC: 30    Str: 31    XL:     23   Next: 56%
Magic:  4/36       EV: 20    Int: 40    God:    Cheibriados [******]
Gold:   2340       SH:  9    Dex: 25    Spells: 10/41 levels left

rFire   + . .        G - +9 broad axe (elec)
rCold   + . .        f - +2 buckler {rC+}
rNeg    + . .        k - +10 plate armour "Afiymedd" {rPois rF+ Str-5}
rPois   +            e - +2 helmet
rElec   .            r - +1 cloak of Starlight {*Dazzle EV+4 Stlth--}
rCorr   .            o - +2 pair of gloves {Stlth+}
SInv    .            n - +0 pair of boots
Will    +++++        c - amulet of regeneration Stlth
                     T - ring "Mej Kimi" {rN+ Will++}
HPRegen 1.40/turn    J - ring of the Destroying Coward {Will+ Str+6}
MPRegen 0.25/turn

%: no passive effects
@: corroded, slowed, studying 3 skills, very slow
A: runic magic, artefact enchanting, thin skeletal structure 1, robust 1,
subdued magic 1
}: 2/15 runes: serpentine, barnacled
a: Renounce Religion, Bend Time, Temporal Distortion, Slouch, Step From Time


You were on level 7 of a ziggurat.
You worshipped Cheibriados.
Cheibriados was exalted by your worship.
You visited 9 branches of the dungeon, and saw 42 of its levels.
You visited 1 ziggurat, and saw 7 of its levels.
You also visited: Sewer, Gauntlet and Ice Cave.

You collected 6379 gold pieces.
You spent 4039 gold pieces at shops.

Inventory:

Hand Weapons
 G - a +9 broad axe of electrocution (weapon)
Missiles
 u - 37 boomerangs (quivered)
 E - 13 curare-tipped darts
 X - 5 throwing nets
Armour
 e - a +2 helmet (worn)
 f - a +2 buckler of cold resistance (worn)
 i - a scarf of resistance
 k - the +10 plate armour "Afiymedd" (worn) {rPois rF+ Str-5}
   (You found it in a Gauntlet)

   Str-5:     It affects your strength (-5).
   rF+:       It protects you from fire.
   rPois:     It protects you from poison
 n - a +0 pair of boots (worn)
 o - a +2 pair of gloves of stealth (worn)
 r - the +1 cloak of Starlight (worn) {*Dazzle EV+4 Stlth--}
   (You found it on level 12 of the Dungeon)

   *Dazzle:   It may blind those who miss an attack against the wearer in melee
   combat.
   EV+4:      It affects your evasion (+4).
   Stlth--:   It makes you much less stealthy.
 s - a +2 kite shield
Jewellery
 c - an amulet of regeneration (around neck)
 x - a ring of resist corrosion
 y - the ring "Xemminacum" {*Slow rPois EV+5 Str+2}
   (You acquired it on level 9 of the Dungeon)

   [ring of evasion]

   EV+5:      It affects your evasion (+5).
   Str+2:     It affects your strength (+2).
   rPois:     It protects you from poison *Slow: It may slow you when you take
   damage.
 J - the ring of the Destroying Coward (right hand) {Will+ Str+6}
   (You found it in an ice cave)

   [ring of strength]

   Str+6:     It affects your strength (+6).
   Will+:     It increases your willpower.
 T - the ring "Mej Kimi" (left hand) {rN+ Will++}
   (You took it off a deep elf high priest on level 3 of the Elven Halls)

   [ring of positive energy]

   rN+:       It protects you from negative energy.
   Will++:    It greatly increases your willpower.
Wands
 B - a wand of digging (2)
 H - a wand of flame (46)
 I - a wand of iceblast (60)
 Q - a wand of quicksilver (22)
Scrolls
 a - 4 scrolls of butterflies
 m - 5 scrolls of immolation
 p - 7 scrolls of silence
 v - 7 scrolls of fear
 z - 39 scrolls of identify
 A - 4 scrolls of poison
 D - 5 scrolls of enchant weapon
 F - 2 scrolls of torment
 K - 7 scrolls of revelation
 M - 7 scrolls of blinking
 O - 3 scrolls of vulnerability
 P - 6 scrolls of fog
 R - 12 scrolls of teleportation
 V - 12 scrolls of noise
Potions
 b - 3 potions of might
 g - 7 potions of brilliance
 j - 6 potions of lignification
 l - 3 potions of attraction
 t - 9 potions of mutation
 w - 3 potions of berserk rage
 C - 7 potions of cancellation
 L - 10 potions of curing
 S - 7 potions of ambrosia
 W - 10 potions of enlightenment
 Y - a potion of invisibility
 Z - 3 potions of resistance
Miscellaneous
 h - a lightning rod (4/4)
 q - a phantom mirror
 N - a phial of floods
 U - a condenser vane (inert)


   Skills:
 - Level 22.0 Fighting
 - Level 18.0 Axes
 - Level 21.1 Armour
 - Level 10.0 Dodging
 - Level 5.0 Shields
 + Level 9.9 Spellcasting
 - Level 2.6 Conjurations
 - Level 19.0 Summonings
 - Level 14.0 Necromancy
 - Level 11.0 Translocations
 - Level 12.0 Invocations


You had 10 spell levels left.
You knew the following spells:

 Your Spells              Type           Power      Damage    Failure   Level
a - Summon Lightning Spi  Summ/Air       65%        N/A       1%          4
b - Haunt                 Necr/Summ      43%        N/A       1%          7
c - Monstrous Menagerie   Summ           46%        N/A       1%          7
d - Animate Armour        Summ/Erth      100%       N/A       1%          4
e - Malign Gateway        Summ/Tloc      41%        N/A       3%          7
f - Blink                 Tloc           100%       N/A       1%          2

Your spell library contained the following spells:

 Spells                   Type           Power      Damage    Failure   Level
 Apportation              Tloc           100%       N/A       0%          1
 Necrotise                Necr           100%       1d9       0%          1
 Summon Small Mammal      Summ           100%       N/A       0%          1
 Call Imp                 Summ           100%       N/A       0%          2
 Sublimation of Blood     Necr           79%        N/A       0%          2
 Call Canine Familiar     Summ           93%        N/A       0%          3
 Fugue of the Fallen      Necr           79%        N/A       0%          3
 Vampiric Draining        Necr           79%        2d11      0%          3
 Martyr's Knell           Necr/Summ      86%        N/A       0%          4
 Freeze                   Ice            60%        1d7       1%          1
 Kiss of Death            Conj/Necr      100%       2d13      1%          1
 Magic Dart               Conj           100%       1d8       1%          1
 Sandblast                Erth           30%        2d9       1%          1
 Slow                     Hex            60%        N/A       1%          1
 Sting                    Conj/Alch      92%        1d8       1%          1
 Cigotuvi's Dreadful Rot  Necr/Alch/Air  86%        N/A       1%          2
 Lesser Beckoning         Tloc           100%       N/A       1%          2
 Momentum Strike          Conj/Tloc      100%       3d10      1%          2
 Searing Ray              Conj           62%        2d6       1%          2
 Gell's Gravitas          Tloc           70%        N/A       1%          3
 Summon Ice Beast         Ice/Summ       65%        N/A       1%          3
 Teleport Other           Tloc           70%        N/A       1%          3
 Volatile Blastmotes      Fire/Tloc      98%        2d18      1%          3
 Anguish                  Hex/Necr       27%        N/A       1%          4
 Dispel Undead            Necr           79%        3d26      1%          4
 Iskenderun's Mystic Bla  Conj/Tloc      55%        2d12      1%          4
 Summon Blazeheart Golem  Fire/Summ      65%        N/A       1%          4
 Curse of Agony           Necr           79%        N/A       1%          5
 Death Channel            Necr           39%        N/A       1%          6
 Summon Hydra             Summ           46%        N/A       1%          7
 Vhi's Electric Charge    Tloc/Air       98%        N/A       2%          4
 Ensorcelled Hibernation  Hex/Ice        30%        N/A       3%          2
 Jinxbite                 Hex            30%        N/A       3%          2
 Mercury Vapours          Alch/Air       30%        N/A       3%          2
 Hailstorm                Conj/Ice       23%        3d7       3%          3
 Stone Arrow              Conj/Erth      46%        3d9       3%          3
 Summon Horrible Things   Summ           46%        N/A       6%          8
 Confusing Touch          Hex            15%        N/A       7%          3
 Frozen Ramparts          Ice            30%        1d5       7%          3
 Inner Flame              Hex/Fire       15%        N/A       7%          3
 Passwall                 Erth           15%        N/A       7%          3
 Sigil of Binding         Hex            15%        N/A       7%          3
 Swiftness                Air            15%        N/A       7%          3
 Brom's Barrelling Bould  Conj/Erth      23%        2d4       13%         4
 Fulminant Prism          Conj/Alch      11%        3d9       13%         4
 Iskenderun's Battlesphe  Conj           31%        2d8       22%         5
 Airstrike                Air            7%         2d(2-18)  24%         4
 Cause Fear               Hex            7%         N/A       24%         4
 Ignite Poison            Fire/Alch      15%        N/A       24%         4
 Leda's Liquefaction      Alch/Erth      7%         N/A       24%         4
 Olgreb's Toxic Radiance  Alch           15%        N/A       24%         4
 Petrify                  Alch/Erth      15%        N/A       24%         4
 Sticky Flame             Fire/Alch      15%        2d5       24%         4
 Spellforged Servitor     Conj/Summ      35%        N/A       24%         7
 Arcjolt                  Conj/Air       11%        1d21      36%         5
 Fireball                 Conj/Fire      11%        3d7       36%         5
 Irradiate                Conj/Alch      11%        3d15      36%         5
 Freezing Cloud           Conj/Ice/Air   10%        6-21      43%         5
 Borgnjor's Revivificati  Necr           39%        N/A       47%         8
 Infestation              Necr           39%        N/A       47%         8
 Lee's Rapid Deconstruct  Erth           7%         3d7*      56%         5
 Yara's Violent Unravell  Hex/Alch       7%         3d5       56%         5
 Dragon's Call            Summ           46%        N/A       71%         9
 Bombard                  Conj/Erth      11%        9d3       92%         6
 Conjure Ball Lightning   Conj/Air       11%        3x3d6     92%         6
 Sculpt Simulacrum        Ice/Alch       7%         N/A       99%         6
 Enfeeble                 Hex            7%         N/A       100%        7
 Orb of Destruction       Conj           15%        9d7       100%        7
 Ozocubu's Refrigeration  Ice            7%         4d9       100%        7
 Discord                  Hex            7%         N/A       100%        8
 Ignition                 Fire           7%         3d5       100%        8
 Lehudib's Crystal Spear  Conj/Erth      11%        10d4      100%        8
 Maxwell's Capacitive Co  Air            7%         ∞         100%        8
 Fire Storm               Conj/Fire      11%        8d3       100%        9
 Polar Vortex             Ice            7%         12d1*     100%        9


Dungeon Overview and Level Annotations

Branches:
Dungeon (15/15)            Temple (1/1) D:5            Lair (5/5) D:10
 Shoals (4/4) Lair:3        Snake (4/4) Lair:2        Slime (0/5) Lair:5
    Orc (2/2) D:9             Elf (3/3) Orc:2        Vaults (4/5) D:14
  Crypt (0/3) Vaults:3     Depths (4/4) D:15          Sewer (visited)
  IceCv (visited)         Gauntlet (visited)
    Zot: Depths:4

Altars:
Ashenzari
Cheibriados
Dithmenos
Elyvilon
Fedhas
Gozag
Hepliaklqana
Kikubaaqudgha
Makhleb
Nemelex Xobeh
Okawaru
Qazlal
Ru
Sif Muna
Trog
Uskayaw
Vehumet
Wu Jian
Xom
Yredelemnul
Zin
The Shining One

Shops:
D:11 *   D:13 (   D:14 *   Orc:1 [   Orc:2 ((*!   Elf:1 =:=   Elf:3 (
Shoals:3 !   Snake:2 *(:   Depths:1 *

Portals:
Hell: Depths:1 Depths:2 Depths:3
Abyss: Depths:3
Pandemonium: Depths:2 Depths:3

Annotations:
D:9 1 runed translucent door, Newt's ghost, journeyman DsGl
D:10 exclusion: oklob plant
Lair:5 exclusion: obsidian statue
Snake:2 2 transporters, Oshruh's ghost, adept GrFi
Elf:2 3 runed translucent doors
Elf:3 1 exclusion


Innate Abilities, Weirdness & Mutations

Your spellcasting is much less encumbered by armour.
You can use scrolls of enchantment on lesser artefacts.
You have a somewhat thin skeletal structure. (Dex +2, Stealth+)
You are robust. (+10% HP)
Your spells are a little easier to cast, but a little less powerful.


Message History

You can feel time thicken for a moment.
You destroy the wraith!
The wraith disappears in a puff of smoke!
You kill the ynoxinul!
The ynoxinul disappears in a puff of smoke!
The ufetubus disappears in a puff of smoke!
You destroy the freezing wraith!
The freezing wraith disappears in a puff of smoke!
You kill the rust devil!
The rust devil disappears in a puff of smoke!
The storm dragon simulacrum vaporises!
The quicksilver dragon simulacrum vaporises!
Cheibriados appreciates the change of pace.
You destroy the mummy!
The juggernaut simulacrum vaporises!
You destroy the mummy!
You feel sick. The mummy priest hits you!
* * * LOW HITPOINT WARNING * * *
The mummy priest mumbles some strange prayers to its god.
The mummy priest barely misses you.
You take 17 damage, and have 14/245 hp.
You now have 4/36 mp.
You feel better.
The spriggan defender zombie completely misses you.
Your eldritch tentacle slaps the mummy!!
The mummy is destroyed!
The storm dragon zombie closely misses you.
The storm dragon zombie completely misses you.
The storm dragon zombie misses you. You block the guardian mummy's attack.
The mummy priest calls on the powers of darkness!
Your body is wracked with pain!
* * * LOW HITPOINT WARNING * * *
The spriggan defender zombie completely misses you.
Your eldritch tentacle slaps the sphinx zombie!
The sphinx zombie is engulfed in flames!!
Your eldritch tentacle claws the sphinx zombie!!
Your eldritch tentacle shocks the sphinx zombie!!
The storm dragon zombie bites you!
* * * LOW HITPOINT WARNING * * *
The storm dragon zombie misses you. The storm dragon zombie tramples you!
You die...
Cheibriados appreciates the motionlessness of death.

▓▓ ▓▓▓▓▓.▓▓▓▓▓
▓▓.........▓
▓▓...M.......
▓▓...W........
▓§.§M........!
▓▓MMZZZ......M)
▓.§@Zw.......[[
▓▓○..│........?
▓.§.│........$
▓▓...*........
▓▓...........
▓▓.........▓
▓▓▓▓▓.▓▓▓▓▓ ▓▓


You could see 2 mummy priests, a flayed ghost (summoned), a guardian mummy, a
mummy (summoned), a storm dragon zombie (summoned), a sphinx zombie (summoned,
distracted, ally target), a spriggan defender zombie, a titan zombie (summoned)
and a friendly eldritch tentacle.

Vanquished Creatures
  An ancient lich (Depths:3)
  Margery (Depths:3)
  2 caustic shrikes
  5 golden dragons
  Jory (Vaults:2)
  3 hellephants
  A titan (Shoals:1)
  3 liches
  A deep elf blademaster (Elf:3)
  Mlioglotl (Snake:2)
  5 sphinxes
  Frances (D:13)
  Ilsuiw (Shoals:4)
  Aizul (Snake:2)
  A revenant (Vaults:3)
  A storm dragon (Depths:3)
  3 tengu reavers
  6 nagarajas
  5 deep elf sorcerers
  7 fire giants
  9 frost giants
  9 vault wardens
  Louise (Elf:2)
  An orc warlord (Vaults:4)
  3 deep elf elementalists (Elf:3)
  2 formless jellyfish (Vaults:3)
  A formless jellyfish (shapeshifter) (Elf:3)
  14 very ugly things
  5 ironbound preservers
  10 stone giants
  4 deep elf demonologists (Elf:3)
  5 ironbound thunderhulks
  13 dire elephants
  3 vampire knights
  Nessos (D:15)
  A deep elf death mage (Elf:3)
  A war gargoyle (D:14)
  A lorocyproca (Zig:5)
  2 spark wasps (Depths:2)
  5 deep elf annihilators
  A minotaur (Gauntlet)
  2 merfolk javelineers (Shoals:4)
  10 ettins
  An entropy weaver (Vaults:4)
  10 merfolk impalers
  The ghost of Qonolay the Grappler, a journeyman DrSh of Hepliaklqana (D:12)
  5 fire dragons
  A jiangshi (Vaults:3)
  3 deep elf high priests
  7 great orbs of eyes
  5 ice dragons
  12 yaktaur captains
  13 vault guards
  2 hydras (Lair:5)
  A hell beast (Depths:3)
  6 ironbound frosthearts
  2 salamander tyrants
  3 two-headed ogres
  3 catoblepae
  A merfolk avatar (Shoals:4)
  8 merfolk aquamancers
  5 anacondas
  11 centaur warriors
  3 satyrs
  8 deep troll earth magi
  5 deep troll shamans
  2 sphinx skeletons (D:15)
  2 two-headed ogres (shapeshifter) (Elf:3)
  8 nameless horrors
  A death knight (Vaults:3)
  5 boulder beetles
  8 dancing weapons
  4 tengu warriors
  14 naga warriors
  2 spectral dire elephants (Lair:5)
  9 naga sharpshooters
  An occultist (Depths:1)
  3 spriggan berserkers
  14 death yaks
  6 orc high priests
  A sun demon (Depths:1)
  12 shock serpents
  6 skysharks
  11 deep elf knights
  9 hell knights
  6 soul eaters (Depths:1)
  A spectral death yak (Lair:5)
  5 salamander mystics
  A spectral anaconda (Lair:5)
  3 glowing orange brains
  A quicksilver dragon simulacrum (Zig:7)
  6 skeletal warriors (D:14)
  8 sea snakes
  A shadow demon (Zig:2)
  5 iron trolls
  6 arcanists
  A deep troll (shapeshifter) (Elf:3)
  12 mana vipers
  2 orange crystal statues
  25 deep trolls
  2 orb spiders (shapeshifter)
  4 deep elf archers
  A flayed ghost (D:14)
  An obsidian statue (Zig:5)
  6 harpies
  A phantasmal warrior (D:12)
  12 ironbound convokers
  3 naga ritualists
  8 lindwurms
  19 deep elf zephyrmancers
  29 deep elf pyromancers
  7 necromancers
  17 orc knights
  14 salamanders
  12 fauns
  4 orc sorcerers
  An ugly thing (shapeshifter) (Elf:3)
  34 ugly things
  A shining eye (Gauntlet)
  14 manticores
  6 meliai
  A moth of wrath (Gauntlet)
  8 cyclopes
  7 merfolk sirens
  14 naga magi
  A moth of wrath (shapeshifter) (Elf:3)
  An apocalypse crab (Elf:3)
  33 black mambas
  2 water nymphs
  16 elephants
  11 vault sentinels
  7 guardian serpents
  12 cane toads
  4 storm dragon simulacra (IceCv)
  3 komodo dragons
  A cane toad (shapeshifter) (D:15)
  5 unseen horrors
  4 kobold demonologists
  20 yaktaurs
  A dire elephant skeleton (Lair:5)
  An efreet (D:9)
  A rime drake (shapeshifter) (D:13)
  3 rime drakes
  A freezing wraith (D:15)
  4 tengu conjurers
  A queen bee (shapeshifter) (Depths:3)
  4 golden dragon simulacra (IceCv)
  22 merfolk
  7 trolls
  A queen bee (D:12)
  A polar bear (Lair:5)
  3 wind drakes
  A tyrant leech (shapeshifter) (Elf:3)
  12 blink frogs
  2 dream sheep (Shoals:3)
  24 slime creatures
  8 snapping turtles
  3 glass eyes
  A spriggan zombie (D:15)
  2 air elementals (Zig:1)
  7 shadows
  A centaur simulacrum (D:15)
  16 water elementals
  5 wyverns
  4 vampires
  3 fire elementals
  A human (shapeshifter) (Elf:2)
  5 basilisks
  A hog (shapeshifter) (Elf:1)
  A spriggan (Lair:5)
  6 wargs
  8 wraiths
  44 yaks
  11 vampire mosquitoes
  A redback (Vaults:4)
  A death yak simulacrum (Lair:5)
  A steam dragon (D:6)
  2 spectral cane toads (Lair:5)
  34 nagas
  3 acid dragons
  8 water moccasins
  A sky beast (D:7)
  A black bear (shapeshifter) (D:13)
  3 black bears
  34 orc warriors
  4 ice dragon simulacra (IceCv)
  2 laughing skulls (D:14)
  7 ogres
  2 ice beasts
  A centaur (shapeshifter) (D:9)
  12 wolves
  9 centaurs
  2 elephant skeletons (Lair:5)
  3 phantoms
  7 kobold brigands
  Blork the orc (D:6)
  12 bullfrogs
  A cane toad simulacrum (Lair:5)
  4 scorpions
  3 earth elementals (Elf:1)
  8 wights
  28 killer bees
  A burial acolyte (D:8)
  2 lindwurm simulacra (IceCv)
  8 howler monkeys
  2 elephant simulacra (Lair:5)
  A jelly (D:8)
  5 centaur zombies (D:10)
  37 orc priests
  4 hounds
  6 iguanas
  34 orc wizards
  2 hell rats (D:10)
  2 mummies (Zig:7)
  Robin (D:1)
  4 howler monkey zombies (D:10)
  12 adders
  6 gnolls (D:3)
  10 river rats
  A shadow imp (D:7)
  A white imp (D:5)
  8 ufetubi
  3 adder zombies (D:8)
  2 ribbon worms (D:4)
  3 dart slugs
  98 orcs
  13 ball pythons
  11 bats
  9 endoplasms
  5 giant cockroaches
  13 goblins
  11 hobgoblins
  5 jackals
  48 kobolds
  3 quokkas
  5 frilled lizards
  25 rats
1629 creatures vanquished.

Vanquished Creatures (collateral kills)
  A juggernaut (Depths:3)
  Boris (Depths:3)
  Vashnia (Snake:2)
  3 golden dragons (Depths:3)
  A bone dragon (Depths:4)
  A hellephant (Depths:3)
  3 tentacled monstrosities (Depths:3)
  A deep elf blademaster (Elf:3)
  A deep elf master archer (Elf:3)
  A sphinx (shapeshifter) (Zig:5)
  2 nagarajas
  3 deep elf sorcerers
  2 frost giants
  A fire giant (Depths:3)
  3 vault wardens
  3 deep elf elementalists (Elf:3)
  4 ironbound preservers
  2 stone giants
  A demonspawn blood saint (Zig:6)
  An orc warlord (Vaults:3)
  A formless jellyfish (Shoals:1)
  4 very ugly things
  3 ironbound thunderhulks
  3 deep elf death magi
  A formless jellyfish (shapeshifter) (Zig:5)
  A black draconian (Depths:4)
  2 deep elf demonologists (Elf:3)
  4 deep elf annihilators
  A white draconian (Depths:4)
  An iron golem (Zig:3)
  8 dire elephants
  4 fire dragons (Depths:3)
  2 yaktaur captains
  An ettin (Vaults:4)
  A green death (Zig:5)
  2 merfolk impalers (Shoals:1)
  4 deep elf high priests (Elf:3)
  2 vault guards
  2 ice dragons (IceCv)
  A spriggan air mage (Depths:2)
  A peacekeeper (Vaults:4)
  A hell beast (Depths:1)
  2 salamander tyrants
  A caustic shrike simulacrum (Zig:7)
  5 ironbound frosthearts
  A rakshasa (Depths:1)
  4 merfolk avatars
  2 merfolk aquamancers
  A boulder beetle (Vaults:4)
  A satyr (Shoals:4)
  6 dancing weapons
  2 hell hogs (Depths:1)
  7 naga sharpshooters
  A tengu warrior (Depths:1)
  4 naga warriors (Snake:4)
  3 deep troll earth magi
  A shock serpent (Snake:4)
  4 hell knights
  4 deep elf knights
  A sun demon (Depths:1)
  3 iron trolls
  2 skysharks
  2 salamander mystics
  A deep troll (shapeshifter) (Zig:5)
  5 deep elf archers
  2 sea snakes
  A naga ritualist (Snake:4)
  13 deep trolls
  3 ironbound convokers
  An orange crystal statue (Zig:5)
  4 deep elf pyromancers
  An orc knight (Vaults:3)
  7 deep elf zephyrmancers
  A necromancer (Zig:6)
  A shining eye (shapeshifter) (Vaults:1)
  10 harpies
  2 ugly things
  A cyclops (Shoals:3)
  9 salamanders (Snake:4)
  2 manticores
  11 fauns
  2 black mambas (Snake:4)
  A guardian serpent (Snake:4)
  2 nameless horrors
  An ice statue (Zig:5)
  A vault sentinel (Vaults:2)
  3 water nymphs
  7 merfolk sirens
  An apocalypse crab (Zig:5)
  5 naga magi
  A smoke demon (Depths:1)
  A gargoyle (Zig:3)
  2 storm dragon simulacra (IceCv)
  3 yaktaurs
  3 guardian mummies (Zig:7)
  A tengu conjurer (Depths:1)
  7 merfolk
  3 wind drakes (Shoals:4)
  3 snapping turtles (Shoals:4)
  A dream sheep (Shoals:3)
  3 slime creatures
  An air elemental (Elf:1)
  A fire elemental (Elf:1)
  3 water elementals
  An ushabti (Zig:7)
  6 nagas
  2 ice dragon simulacra (IceCv)
  3 lindwurm simulacra (IceCv)
  An orc priest (Elf:3)
  2 mummies (Zig:7)
  3 orcs (Elf:3)
292 creatures vanquished.

Vanquished Creatures (others)
  13 eldritch tentacles
  A deep elf sorcerer (Zig:6)
  2 merfolk aquamancers
  A naga warrior (Snake:3)
  A deep elf knight (Shoals:2)
  A deep troll (Depths:2)
  2 deep elf zephyrmancers
  2 fauns (Shoals:3)
  A merfolk (Shoals:4)
  A blink frog (shapeshifter) (D:9)
  A water elemental (Shoals:1)
  An acid dragon (D:9)
  2 nagas
  A wight (D:6)
  An orc (Orc:2)
31 creatures vanquished.

Grand Total: 1952 creatures vanquished

Notes
Turn   | Place    | Note
-------+----------+-------------------------------------------
     0 | D:1      | jasper the Mountain Dwarf Reaver began the quest for the
                  | Orb.
     0 | D:1      | Reached XP level 1. HP: 17/17 MP: 3/3
    96 | D:1      | Reached XP level 2. HP: 23/24 MP: 4/4
   196 | D:1      | Reached skill level 5 in Axes
   263 | D:1      | Reached XP level 3. HP: 29/29 MP: 5/5
   636 | D:2      | Noticed Robin
   647 | D:1      | Killed Robin
   648 | D:1      | Reached XP level 4. HP: 14/29 MP: 3/6
  1323 | D:3      | Reached XP level 5. HP: 34/38 MP: 7/7
  1470 | D:3      | Found a stormy altar of Qazlal.
  1629 | D:3      | Gained mutation: You are robust. (+10% HP) [potion of
                  | mutation]
  1629 | D:3      | Gained mutation: You have a somewhat thin skeletal
                  | structure. (Dex +2, Stealth+) [potion of mutation]
  1629 | D:3      | HP: 1/45 [gnoll/+0 flail (5)]
  1724 | D:3      | Found a radiant altar of Vehumet.
  2314 | D:4      | Reached XP level 6. HP: 47/52 MP: 8/8
  2480 | D:4      | Found a glowing drain.
  2494 | Sewer    | Entered a sewer
  2923 | Sewer    | Reached XP level 7. HP: 44/60 MP: 9/9
  3132 | D:5      | Entered Level 5 of the Dungeon
  3518 | D:5      | Reached skill level 10 in Axes
  3574 | D:5      | Found a staircase to the Ecumenical Temple.
  3588 | Temple   | Entered the Ecumenical Temple
  3613 | Temple   | Became a worshipper of Cheibriados the Contemplative
  4220 | D:5      | Found an iron altar of Okawaru.
  4225 | D:5      | Found a glowing golden altar of the Shining One.
  4543 | D:5      | Reached * piety under Cheibriados
  4566 | D:5      | Reached skill level 1 in Armour
  4566 | D:5      | Reached XP level 8. HP: 42/68 MP: 10/10
  4601 | D:6      | Reached skill level 3 in Fighting
  4940 | D:6      | Reached ** piety under Cheibriados
  4958 | D:6      | Found a broken altar of Ashenzari.
  4959 | D:6      | Noticed Blork the orc
  5027 | D:6      | Killed Blork the orc
  5173 | D:6      | Reached skill level 4 in Fighting
  5176 | D:6      | HP: 3/67 [wight/+2 war axe (1)]
  5177 | D:6      | HP: 1/66 [wight/+2 war axe (1)]
  5564 | D:7      | Reached XP level 9. HP: 69/79 MP: 11/11
  5674 | D:7      | Reached skill level 5 in Fighting
  5840 | D:7      | Found a shimmering blue altar of Sif Muna.
  6055 | D:7      | Reached skill level 5 in Armour
  6253 | D:8      | Found an opulent altar of Gozag.
  6328 | D:8      | Reached *** piety under Cheibriados
  6397 | D:8      | Reached skill level 6 in Fighting
  6398 | D:8      | Found an ancient bone altar of Kikubaaqudgha.
  6613 | D:8      | Found a white marble altar of Elyvilon.
  6838 | D:8      | Found a shadowy altar of Dithmenos.
  7150 | D:9      | Found a bloodstained altar of Trog.
  7198 | D:9      | Found a basalt altar of Yredelemnul.
  7228 | D:9      | Reached XP level 10. HP: 74/92 MP: 12/12
  7313 | D:9      | Noticed a centaur warrior
  7727 | D:9      | Found a runed translucent door.
  7729 | D:9      | Noticed Newt's ghost (journeyman DsGl)
  7878 | D:9      | Reached **** piety under Cheibriados
  7900 | D:9      | Reached skill level 1 in Invocations
  7901 | D:9      | Killed a centaur warrior
  7922 | D:9      | Reached skill level 5 in Invocations
  8002 | D:9      | Noticed a catoblepas
  8015 | D:9      | Killed a catoblepas
  8110 | D:9      | Noticed a centaur warrior
  8114 | D:9      | Killed a centaur warrior
  8141 | D:9      | Reached skill level 10 in Invocations
  8184 | D:9      | Noticed a manticore
  8191 | D:9      | Killed a manticore
  8195 | D:9      | Noticed a catoblepas
  8207 | D:9      | Killed a catoblepas
  8208 | D:9      | Reached XP level 11. HP: 82/100 MP: 17/19
  8242 | D:9      | Noticed a two-headed ogre
  8257 | D:9      | Killed a two-headed ogre
  8349 | D:9      | Noticed a green ugly thing
  8356 | D:9      | Killed a green ugly thing
  8662 | D:9      | Found a staircase to the Orcish Mines.
  8746 | D:9      | Identified a scroll of acquirement
  8746 | D:9      | Acquired the ring "Xemminacum" {*Slow rPois EV+5 Str+2}
  8802 | D:10     | Entered Level 10 of the Dungeon
  8815 | D:9      | Reached skill level 7 in Fighting
  8820 | D:9      | Reached skill level 15 in Axes
  8861 | D:9      | Reached ***** piety under Cheibriados
  9066 | D:10     | Found a staircase to the Lair.
  9109 | D:10     | Reached skill level 8 in Fighting
  9197 | D:10     | Found a blossoming altar of Fedhas.
  9225 | D:10     | Noticed an oklob plant
  9330 | D:10     | Found a burning altar of Makhleb.
  9840 | D:11     | Reached XP level 12. HP: 78/113 MP: 21/21
 10025 | D:11     | Noticed a two-headed ogre
 10036 | D:11     | Killed a two-headed ogre
 10110 | D:11     | Found Liater's General Store.
 10115 | D:11     | Bought a potion of curing for 33 gold pieces
 10115 | D:11     | Bought a potion of curing for 33 gold pieces
 11043 | Lair:1   | Entered Level 1 of the Lair of Beasts
 11136 | Lair:1   | Reached skill level 9 in Fighting
 11310 | Lair:1   | Reached ****** piety under Cheibriados
 12385 | Lair:2   | Found a staircase to the Snake Pit.
 12644 | Lair:3   | Identified the +7 war axe of Pride {freeze, Will+}
 12842 | Lair:3   | Reached skill level 10 in Fighting
 12877 | Lair:3   | Reached skill level 10 in Armour
 13016 | Lair:3   | Found a staircase to the Shoals.
 13521 | Lair:4   | Noticed a death yak
 13522 | Lair:4   | Noticed a death yak
 13522 | Lair:4   | Noticed a death yak
 13522 | Lair:4   | Noticed a death yak
 13522 | Lair:4   | Noticed a death yak
 13530 | Lair:4   | Reached XP level 13. HP: 117/124 MP: 16/22
 13536 | Lair:4   | Reached skill level 5 in Dodging
 14012 | Lair:4   | You fall into a shaft and drop 1 floor!
 14012 | Lair:5   | Entered Level 5 of the Lair of Beasts
 14013 | Lair:5   | Found a gate leading to a gauntlet.
 14064 | Gauntlet | Entered a Gauntlet
 14064 | Gauntlet | Found a transporter.
 14064 | Gauntlet | Found a runed translucent door.
 14064 | Gauntlet | Found a runed translucent door.
 14064 | Gauntlet | Found a transporter.
 14075 | Gauntlet | Found a transporter.
 14075 | Gauntlet | Found a transporter.
 14078 | Gauntlet | Found a transporter.
 14085 | Gauntlet | Found a transporter.
 14087 | Gauntlet | Found a transporter.
 14087 | Gauntlet | Found a transporter.
 14089 | Gauntlet | Found a transporter.
 14097 | Gauntlet | Found a transporter.
 14098 | Gauntlet | Found a transporter.
 14156 | Gauntlet | Found a transporter.
 14337 | Gauntlet | Identified the -2 hat "Boamat" {^Contam Harm rElec Int+4}
 14338 | Gauntlet | Identified the +8 plate armour "Afiymedd" {rPois rF+ Str-5}
 14361 | Gauntlet | Identified the +2 ring mail "Nugio" {rC+ Will+ Dex+3
                  | Slay+2}
 14361 | Gauntlet | Noticed a minotaur
 14369 | Gauntlet | Killed a minotaur
 14374 | Gauntlet | Identified the +1 chain mail "Xagribb" {Regen+}
 14558 | Lair:5   | Reached XP level 14. HP: 57/133 MP: 17/23
 15085 | Lair:5   | Found a staircase to the Slime Pits.
 15102 | Lair:5   | Reached skill level 10 in Dodging
 15629 | Orc:1    | Entered Level 1 of the Orcish Mines
 15688 | Orc:1    | Reached skill level 11 in Fighting
 15881 | Orc:1    | Found Jusen's Armour Shop.
 15896 | Orc:1    | Bought a +0 buckler for 58 gold pieces
 15981 | Orc:2    | Entered Level 2 of the Orcish Mines
 16004 | Orc:2    | Reached skill level 1 in Shields
 16294 | Orc:2    | Found a staircase to the Elven Halls.
 16440 | Orc:2    | Reached skill level 5 in Shields
 16686 | Orc:2    | Found Quxaleedgh's Weapon Boutique.
 16689 | Orc:2    | Found Sir Cup's Assorted Antiques.
 16690 | Orc:2    | Found Tewyam's Distillery.
 16691 | Orc:2    | Found Enwyodik's Weapon Boutique.
 16694 | Orc:2    | Bought a potion of might for 40 gold pieces
 16694 | Orc:2    | Bought a potion of curing for 30 gold pieces
 16694 | Orc:2    | Bought a potion of enlightenment for 50 gold pieces
 16694 | Orc:2    | Bought a potion of heal wounds for 50 gold pieces
 16694 | Orc:2    | Bought a potion of resistance for 100 gold pieces
 16694 | Orc:2    | Bought a potion of lignification for 30 gold pieces
 16694 | Orc:2    | Bought a potion of lignification for 30 gold pieces
 16694 | Orc:2    | Bought a potion of lignification for 30 gold pieces
 17386 | Lair:5   | Reached skill level 12 in Fighting
 17577 | Lair:5   | Reached XP level 15. HP: 64/147 MP: 24/24
 18122 | D:12     | Found a transporter.
 18122 | D:12     | Noticed Qonolay's ghost (journeyman DrSh)
 18189 | D:12     | Found a transporter.
 18192 | D:12     | Found the +1 cloak of Starlight {*Dazzle EV+4 Stlth--}
 18562 | D:12     | Reached skill level 13 in Fighting
 18816 | D:12     | You fall into a shaft and drop 2 floors!
 18864 | D:14     | Learned a level 7 spell: Summon Hydra
 18917 | D:14     | Reached skill level 1 in Summonings
 19489 | D:14     | Found a gate to the Vaults.
 19709 | D:14     | Found Woqutot's CLEARANCE SALE!.
 19744 | D:14     | Found a sacrificial altar of Ru.
 19854 | D:15     | Entered Level 15 of the Dungeon
 19979 | D:15     | Found a staircase to the Depths.
 19994 | D:15     | Reached skill level 5 in Summonings
 20112 | D:15     | Noticed Nessos
 20115 | D:15     | Killed Nessos
 20407 | D:15     | Acquired 317 gold pieces
 20488 | D:13     | Noticed Frances
 20501 | D:13     | Gained mutation: Your spells are a little easier to cast,
                  | but a little less powerful. [a neqoxec]
 20503 | D:13     | Killed Frances
 20561 | D:13     | Reached skill level 14 in Fighting
 21058 | D:13     | Found Koleib's Antique Weapon Emporium.
 21629 | D:12     | Killed Qonolay's ghost
 21630 | D:12     | Reached XP level 16. HP: 113/160 MP: 16/25
 21774 | Snake:1  | Entered Level 1 of the Snake Pit
 21785 | Snake:1  | Identified the +0 ring mail of the Battered Knives {+Inv
                  | Will+ Regen+}
 22542 | Snake:2  | You fall into a shaft and drop 1 floor!
 22561 | Snake:3  | Reached skill level 10 in Summonings
 22826 | Snake:2  | Identified the serpent talisman of Protective Custody
                  | {Str+4}
 22826 | Snake:2  | Noticed Aizul
 22854 | Snake:2  | Killed Aizul
 23010 | Snake:2  | Noticed Mlioglotl
 23037 | Snake:2  | Killed Mlioglotl
 23421 | Snake:2  | Noticed Vashnia
 23424 | Snake:2  | Found Vedusado's Antique Weapon Boutique.
 23488 | Snake:2  | Found Osinilom's General Store.
 23503 | Snake:2  | Killed Vashnia
 23513 | Snake:2  | Bought a scroll of blinking for 135 gold pieces
 23705 | Snake:2  | Found a transporter.
 23718 | Snake:2  | Found a transporter.
 23720 | Snake:2  | Noticed Oshruh's ghost (adept GrFi)
 23999 | Snake:2  | Found Zuemicov's Tremendous Tomes.
 24007 | Snake:2  | Bought the Directory of the Gang for 1320 gold pieces
 24012 | Snake:2  | Learned a level 4 spell: Summon Lightning Spire
 24020 | Snake:2  | Learned a level 7 spell: Monstrous Menagerie
 24436 | Snake:3  | Reached XP level 17. HP: 100/167 MP: 26/26
 25043 | Snake:4  | Entered Level 4 of the Snake Pit
 25176 | Snake:4  | Reached skill level 15 in Summonings
 26128 | Snake:4  | Got a serpentine rune of Zot
 26710 | Snake:4  | Reached skill level 15 in Fighting
 26710 | Snake:4  | Reached skill level 15 in Armour
 27231 | Shoals:1 | Entered Level 1 of the Shoals
 27326 | Shoals:1 | Noticed a titan
 27388 | Shoals:1 | Killed a titan
 27814 | Shoals:1 | Reached XP level 18. HP: 181/181 MP: 27/27
 27932 | Shoals:1 | Identified the +7 whip "Imiodyp Pufa" {spect, rC+}
 28166 | Shoals:1 | Reached skill level 16 in Fighting
 29447 | Shoals:2 | Got the Cyclopedia of the Quarry and the Mausoleum
 29731 | Shoals:3 | Reached skill level 17 in Fighting
 29845 | Shoals:3 | Found Voyz's Distillery.
 29884 | Shoals:3 | Bought a potion of might for 48 gold pieces
 29884 | Shoals:3 | Bought a potion of cancellation for 96 gold pieces
 29960 | Shoals:3 | Identified the +0 leather armour "Arycilu" {Int+2}
 30385 | Shoals:4 | Entered Level 4 of the Shoals
 30413 | Shoals:4 | Noticed Ilsuiw
 30582 | Shoals:4 | Killed Ilsuiw
 31322 | Shoals:4 | Reached skill level 18 in Fighting
 31558 | Shoals:4 | Learned a level 4 spell: Animate Armour
 31581 | Shoals:4 | Got a barnacled rune of Zot
 31613 | Shoals:4 | Reached XP level 19. HP: 174/196 MP: 28/28
 32057 | Snake:1  | Learned a level 7 spell: Haunt
 32300 | Elf:1    | Entered Level 1 of the Elven Halls
 32386 | Elf:1    | Reached skill level 1 in Necromancy
 32647 | Elf:1    | Got the Catalogue of United Impulse
 32687 | Elf:1    | Reached skill level 5 in Necromancy
 32851 | Elf:1    | Found Wiucam's Jewellery Boutique.
 32852 | Elf:1    | Found Ygaell's Book Emporium.
 32854 | Elf:1    | Found Ciquimust's Jewellery Boutique.
 32862 | Elf:1    | Bought the Directory of Arcane Combat and the Flock for 552
                  | gold pieces
 34037 | Elf:2    | Noticed Louise
 34054 | Elf:2    | Killed Louise
 34108 | Elf:2    | Found a runed translucent gate.
 34109 | Elf:2    | Found a runed translucent gate.
 34109 | Elf:2    | Found a runed translucent gate.
 34406 | Elf:3    | Entered Level 3 of the Elven Halls
 34419 | Elf:3    | Found a glacial archway.
 34430 | Elf:3    | Reached skill level 10 in Necromancy
 34457 | IceCv    | Entered an ice cave
 35056 | IceCv    | Noticed a golden dragon
 35073 | IceCv    | Killed a golden dragon
 35123 | IceCv    | Identified the ring of the Destroying Coward {Will+ Str+6}
 35606 | Elf:3    | Found Haoppauc's Antique Weapon Shop.
 35698 | Elf:3    | Found a huge runed translucent gate.
 35698 | Elf:3    | Found a huge runed translucent gate.
 35698 | Elf:3    | Found a huge runed translucent gate.
 35698 | Elf:3    | Found a huge runed translucent gate.
 35698 | Elf:3    | Found a huge runed translucent gate.
 35698 | Elf:3    | Found a huge runed translucent gate.
 35698 | Elf:3    | Found a huge runed translucent gate.
 35698 | Elf:3    | Found a huge runed translucent gate.
 35698 | Elf:3    | Found a huge runed translucent gate.
 35698 | Elf:3    | Found a huge runed translucent gate.
 35699 | Elf:3    | Found a huge runed translucent gate.
 35699 | Elf:3    | Found a huge runed translucent gate.
 35700 | Elf:3    | Found a huge runed translucent gate.
 35701 | Elf:3    | Found a huge runed translucent gate.
 35702 | Elf:3    | Found a huge runed translucent gate.
 35703 | Elf:3    | Found a huge runed translucent gate.
 35704 | Elf:3    | Found a huge runed translucent gate.
 35705 | Elf:3    | Found a huge runed translucent gate.
 35706 | Elf:3    | Found a huge runed translucent gate.
 35707 | Elf:3    | Found a huge runed translucent gate.
 35707 | Elf:3    | Found a huge runed translucent gate.
 35712 | Elf:3    | Found a huge runed translucent gate.
 35713 | Elf:3    | Found a huge runed translucent gate.
 35713 | Elf:3    | Found a huge runed translucent gate.
 35713 | Elf:3    | Found a huge runed translucent gate.
 35713 | Elf:3    | Found a huge runed translucent gate.
 35715 | Elf:3    | Found a huge runed translucent gate.
 35716 | Elf:3    | Found a huge runed translucent gate.
 35717 | Elf:3    | Found a huge runed translucent gate.
 35717 | Elf:3    | Found a huge runed translucent gate.
 35737 | Elf:3    | Found a huge runed translucent gate.
 35738 | Elf:3    | Found a huge runed translucent gate.
 35738 | Elf:3    | Found a huge runed translucent gate.
 35738 | Elf:3    | Found a huge runed translucent gate.
 35738 | Elf:3    | Found a huge runed translucent gate.
 35767 | Elf:3    | Found a huge runed translucent gate.
 35781 | Elf:3    | Noticed a hellephant
 35781 | Elf:3    | Noticed a hellephant
 35791 | Elf:3    | Reached XP level 20. HP: 157/205 MP: 11/29
 35816 | Elf:3    | Identified the +0 leather armour "Fiprav" {Harm rElec Int+8
                  | Stlth-}
 36205 | Elf:3    | Identified the +6 broad axe of Immorality {heavy, rF+}
 36230 | Elf:3    | Reached skill level 5 in Spellcasting
 36364 | Elf:3    | Identified the +3 great sword "Cyifuaph" {drain, rPois
                  | Will- Str+2 SInv}
 36364 | Elf:3    | Identified the ring "Mej Kimi" {rN+ Will++}
 36867 | Elf:3    | Learned a level 7 spell: Malign Gateway
 36945 | Elf:3    | Reached skill level 1 in Translocations
 37492 | Vaults:1 | Entered Level 1 of the Vaults
 37795 | Vaults:1 | Reached skill level 5 in Translocations
 38937 | Vaults:2 | Noticed Jory
 38961 | Vaults:2 | Killed Jory
 39201 | Vaults:2 | Reached XP level 21. HP: 154/213 MP: 33/33
 40010 | Vaults:3 | Reached skill level 10 in Translocations
 40136 | Vaults:3 | Paralysed by a formless jellyfish for 1 turns
 40951 | Vaults:3 | Learned a level 2 spell: Blink
 41434 | Vaults:3 | Found a staircase to the Crypt.
 42629 | Vaults:4 | Reached skill level 19 in Fighting
 43150 | Depths:1 | Entered Level 1 of the Depths
 43350 | Depths:1 | Reached XP level 22. HP: 192/226 MP: 34/34
 43379 | Depths:1 | Found a radiant altar of Vehumet.
 43724 | Depths:1 | Found a gateway to Hell.
 44159 | Depths:1 | Found Husogacw's Assorted Antiques.
 44164 | Depths:1 | Bought a scroll of acquirement for 1404 gold pieces
 44171 | Depths:1 | Acquired a book of the Dragon
 44606 | Depths:2 | Acquired 1066 gold pieces
 44919 | Depths:2 | Noticed a golden dragon
 44943 | Depths:2 | Killed a golden dragon
 45042 | Depths:2 | Reached skill level 20 in Fighting
 45345 | Depths:2 | Found an opulent altar of Gozag.
 45530 | Depths:2 | Found a one-way gate leading to the halls of Pandemonium.
 46139 | Depths:3 | Noticed a golden dragon
 46149 | Depths:3 | Killed a golden dragon
 46161 | Depths:3 | Identified the +4 robe of the Tundras {Int+4}
 46161 | Depths:3 | Noticed Boris
 46443 | Depths:3 | Noticed a golden dragon
 46459 | Depths:3 | Killed a golden dragon
 46681 | Depths:3 | Identified the +6 demon whip "Simahu" {flame, rCorr Str+2
                  | Dex+3}
 46704 | Depths:3 | Killed Boris
 46799 | Depths:3 | Noticed Margery
 46848 | Depths:3 | HP: 9/232 [Margery/bolt of fire (35)]
 47031 | Depths:3 | Killed Margery
 47077 | Depths:3 | Reached XP level 23. HP: 143/238 MP: 25/35
 47441 | Depths:3 | Noticed a juggernaut
 47453 | Depths:3 | Killed a juggernaut
 47582 | Depths:3 | Found the +8 longbow "Zephyr" {speed, Dex+3 SInv}
 47620 | Depths:3 | Noticed an ancient lich
 47637 | Depths:3 | Killed an ancient lich
 47648 | Depths:3 | Reached skill level 21 in Fighting
 47875 | Depths:3 | Noticed a caustic shrike
 47892 | Depths:3 | Killed a caustic shrike
 47986 | Depths:3 | Found a one-way gate to the infinite horrors of the Abyss.
 48331 | Depths:4 | Entered Level 4 of the Depths
 48734 | Depths:4 | Found a one-way gateway to a ziggurat.
 48844 | Zig:1    | Entered Level 1 of a ziggurat
 48845 | Zig:1    | Paralysed by an air elemental for 1 turns
 48859 | Zig:2    | Entered Level 2 of a ziggurat
 48863 | Zig:2    | Noticed a Killer Klown
 48904 | Zig:3    | Entered Level 3 of a ziggurat
 48904 | Zig:3    | Noticed a caustic shrike
 48913 | Zig:3    | Killed a caustic shrike
 48929 | Zig:3    | Got the Treatise on Refined Necromancy
 49041 | Zig:4    | Entered Level 4 of a ziggurat
 49070 | Zig:5    | Entered Level 5 of a ziggurat
 49075 | Zig:5    | Noticed a Killer Klown
 49078 | Zig:5    | Noticed a Killer Klown
 49082 | Zig:5    | Reached skill level 22 in Fighting
 49244 | Zig:5    | Noticed a Killer Klown
 49248 | Zig:5    | Noticed a Killer Klown
 49332 | Zig:6    | Entered Level 6 of a ziggurat
 49363 | Zig:6    | Identified the +5 trident "Xoanokuga" {freeze, rN+}
 49367 | Zig:6    | Got the Lectures on Lightning and the Valley
 49375 | Zig:7    | Entered Level 7 of a ziggurat
 49397 | Zig:7    | HP: 2/245 [storm dragon zombie[a mummy priest] (12)]
 49397 | Zig:7    | Mangled by a storm dragon zombie

Illustrated notes

Levels and vault maps discovered:
D:1:      zelgadis_glass_arrival_small, layout_rooms
D:2:      layout_rooms, grunt_decor_fettered, uniq_robin
D:3:      layout_basic, nicolae_overflow_crystal_walls, lemuel_doored_altar,
          minmay_misc_feat_roman, kennysheep_small_spiral, minmay_misc_feat_chi,
          grunt_ministairs_7
D:4:      layout_cave_pools, cheibrodos_sewer_entry_sluice,
          chequers_serial_rivers_small_3, serial_bayou_lake_a
D:5:      layout_basic, amethyst_overflow_temple_binary,
          minmay_temple_entry_hall
D:6:      layout_basic, cheibrodos_ashenzari_chains, uniq_blork_the_orc
D:7:      hellmonk_destroyed_diamonds, layout_loops_ring, general_overflow_altar
D:8:      layout_rooms, lemuel_zombie_altar_kikubaaqudgha,
          grunt_dithmenos_shadows, mainiacjoe_overflow_cross_hatched,
          elyvilon_altar_1
D:9:      minmay_the_grid_triangle_9x9_rhombus_full
          [minmay_the_grid_triangle_9x9_odd_lines,
          minmay_the_grid_triangle_9x9_pentomino_pain,
          minmay_the_grid_triangle_9x9_warning,
          minmay_the_grid_triangle_9x9_semitri,
          minmay_the_grid_triangle_9x9_sparse_checkered,
          minmay_the_grid_triangle_9x9_longest,
          minmay_the_grid_triangle_9x9_sprig,
          minmay_the_grid_triangle_9x9_prize_top_heavy], layout_loops_ring,
          mainiacjoe_overflow_concentric_impassable,
          mainiacjoe_overflow_alcove_4, orc_0_dummy, ebering_ghost_inner_flame,
          blue_anna_alchemist
D:10:     layout_rooms, bloody_makhleb, tgw_fedhas, dpeg_lair_monsters,
          serial_undead, serial_undead_e, serial_undead_b, serial_undead_a,
          serial_undead_d, serial_undead_d, serial_undead_d, serial_undead_f
D:11:     layout_long_grid, serial_shops, nicolae_shop_just_a_little_nook,
          serial_bayou, serial_bayou_crossing, serial_bayou_pond_d
D:12:     layout_cave_pods, gammafunk_ghost_arena, special_room
          [special_room_bee]
D:13:     layout_long_grid, serial_shops, nicolae_inconvenience_store,
          hangedman_batty, uniq_frances
D:14:     layout_irregular_city, hellmonk_vaults_attempted_burglary,
          nicolae_ru_the_path_less_chosen, nicolae_shop_clearance
D:15:     gammafunk_depths_entry_grave, layout_rooms, hangedman_decor_lopped,
          uniq_nessos
Temple:   hellmonk_temple_beads
Lair:1:   layout_misc_corridors, special_room
Lair:2:   layout_loops_ring, alex1729_snake_entry_snake, special_room
Lair:3:   layout_regular_city, minmay_shoals_entry_centaurs, lemuel_fruit_tree
Lair:4:   beast_lair_carwin_large_4, layout_gridlike
Lair:5:   due_jungle_book, layout_loops_ring, slime_entry_1,
          gauntlet_entry_generic, grunt_forest_large_clearings,
          infiniplex_staircase_pool_2
Shoals:1: cheibrodos_shoals_gigantism, layout_shoals
Shoals:2: nicolae_shoals_deep_elves_summer_vacation, layout_shoals,
          nicolae_shoals_lost_giant_hut, nicolae_shoals_water_booths
Shoals:3: layout_shoals, serial_shops, shop
Shoals:4: shoals_end_hangedman, layout_shoals, shoal_ilsuiw
Snake:1:  layout_concentric_octagons, nicolae_large_snake_swirl
Snake:2:  nicolae_snake_hallway, layout_grid_shapes,
          gammafunk_ghost_berserking_beasts, nicolae_shop_i_like_big_books,
          minmay_shop_star, uniq_mlioglotl, uniq_aizul, uniq_vashnia
Snake:3:  nicolae_snake_nest, layout_misc_corridors
Snake:4:  snake_pit_salamanders_mu, layout_concentric_octagons,
          serial_library_hellmonk_double_dead_end, st_stairs_9,
          grunt_ministairs_12
Orc:1:    layout_caves, serial_shops, shop
Orc:2:    st_orc_pillars, layout_diamond_mine
Elf:1:    layout_geoelf_octagon, minmay_elf_sorcery, grunt_megastairs_2,
          minmay_shop_grove
Elf:2:    nicolae_elf_blades_crystal_corner, layout_gridlike, uniq_louise
Elf:3:    minmay_elf_hall_curves, layout_onion_city, serial_shops,
          nicolae_shop_dealshenge, portal_ice_cave_entry_ugly_swarm,
          st_stairs_6, not_door_vault_due
Vaults:1: nicolae_vaults_specimen_jars, hangedman_vaults_pinch,
          nicolae_vaults_two_Ls, hangedman_vaults_variations,
          nicolae_vaults_little_squares_2, ontoclasm_vaults_chip,
          nicolae_vaults_network_star, nicolae_vaults_windows_and_doors_thing,
          nicolae_vaults_stepped_doors, ontoclasm_vaults_shuriken, st_lattice,
          vaults_room_pool, layout_vaults_maze_snakey
Vaults:2: nicolae_vaults_sightless_eye, nicolae_vaults_storage_closets_3,
          nicolae_vaults_trapezoid_lopsided_2, nicolae_vaults_little_squares_4,
          vaults_room_semicircle, v_alt_pattern_5, v_pattern_4, v_misc_15,
          layout_vaults_big_room, uniq_jory
Vaults:3: vaults_room_pools, grunt_vaults_swirl, hangedman_vaults_nails,
          minmay_crypt_entry_simple_walls, v_misc_33, st_cells, v_misc_19,
          nicolae_vaults_doubleplus_tesselated,
          nicolae_vaults_closet_pinwheel_4, layout_vaults_quadrants
Vaults:4: vaults_room_grunt_arrival_checkpoint, nicolae_vaults_puzzle_piece,
          vaults_room_fancy_cross, nicolae_vaults_triangles,
          nicolae_vaults_antechamber_and_loot_room, nicolae_vaults_rhombus_6,
          nicolae_vaults_trapezoid_lopsided_1, vaults_room_stairs_pillars,
          v_misc_25, grunt_vaults_hallway_long, vaults_room_pool,
          layout_vaults_omnibox
Depths:1: layout_basic, serial_shops, nicolae_square_shop, hellmouth_3,
          grunt_decor_arrowhead, st_stairs_10, minmay_misc_feat_tower,
          grunt_decor_cap, nicolae_vehumet_radiance, serial_bayou_shore_b,
          firewood_loft
Depths:2: grunt_deathspiral_large, layout_basic, pan_entry, grunt_gozag_statues,
          hell_entry, grunt_decor_junction
Depths:3: minmay_firetagon, layout_basic, rand_demon_pan_entry_7, abyss_entry,
          chequers_decorated_corner, pf_hell_entry_tar_spiral,
          minmay_swirly_circle, uniq_margery, uniq_boris
Depths:4: grunt_zot_entry_pinwheel, layout_basic, enter_ziggurat_d,
          serial_shops, nicolae_shop_behind_doors, abyss_entry_flame_altar,
          hellmouth_1, hangedman_abyss_or_decor_slice
Zig:7

Skill      XL: |  1  2  3  4  5  6  7  8  9 10 11 12 13 14 15 16 17 18 19 20 21 22 23 |
---------------+----------------------------------------------------------------------+-----
Axes           | 4 5 6 7 8 9 11 12 14 16 18 | 18.0
Armour         | 1 3 6 8 10 12 14 15 18 19 20 21 | 21.1
Fighting       | 4 6 8 10 12 14 15 18 19 20 22 | 22.0
Invocations    | 11 12 | 12.0
Dodging        | 4 9 10 | 10.0
Shields        | 5 |  5.0
Summonings     | 7 14 16 17 18 19 | 19.0
Spellcasting   | 3 8 9 |  9.9
Necromancy     | 13 14 | 14.0
Translocations | 9 11 | 11.0
Conjurations   | |  2.6

Action                     |  1- 3 |  4- 6 |  7- 9 | 10-12 | 13-15 | 16-18 | 19-21 | 22-24 || total
---------------------------+-------+-------+-------+-------+-------+-------+-------+-------++-------
  Melee: Hand axe          |    95 |   354 |   140 |       |       |       |       |       ||   589
         War axe           |       |       |   314 |    32 |       |       |       |       ||   346
         Battleaxe         |       |       |       |   466 |   308 |       |       |       ||   774
         Flail             |       |       |       |       |    11 |       |       |       ||    11
         Morningstar       |       |       |       |       |     8 |       |       |       ||     8
         Broad axe         |       |       |       |       |   662 |  1168 |  1204 |   753 ||  3787
  Throw: Boomerang         |       |       |    24 |    22 |       |     7 |       |       ||    53
   Cast: Kiss of Death     |     2 |       |       |       |       |       |       |       ||     2
         Summon Hydra      |       |       |       |       |       |    25 |       |       ||    25
         Summon Lightning  |       |       |       |       |       |    41 |    43 |    12 ||    96
         Monstrous Menager |       |       |       |       |       |    34 |    15 |     5 ||    54
         Animate Armour    |       |       |       |       |       |       |    37 |     8 ||    45
         Haunt             |       |       |       |       |       |       |    16 |    26 ||    42
         Malign Gateway    |       |       |       |       |       |       |     3 |    12 ||    15
 Invoke: Slouch            |       |       |       |     1 |    18 |    11 |     6 |     5 ||    41
         Step From Time    |       |       |       |       |       |       |       |     1 ||     1
  Evoke: Wand              |       |       |     7 |    12 |     4 |     4 |       |     1 ||    28
         Condenser vane    |       |       |       |     1 |     1 |       |       |     1 ||     3
         Lightning rod     |       |       |       |       |       |     2 |     2 |       ||     4
         Phantom mirror    |       |       |       |       |       |     1 |       |       ||     1
    Use: Scroll            |     2 |     2 |     3 |    14 |     4 |    11 |     4 |    10 ||    50
         Potion            |     1 |     2 |    10 |     2 |       |    17 |     2 |     8 ||    42
   Stab: Distracted        |       |     1 |       |       |       |     7 |    11 |     6 ||    25
         Invisible         |       |       |     9 |       |       |   137 |    48 |    35 ||   229
         Petrified         |       |       |       |       |     5 |       |       |       ||     5
         Paralysed         |       |       |       |       |       |       |     1 |       ||     1
 Armour: Ring mail         |    73 |   278 |   136 |       |       |       |       |       ||   487
         Leather armour    |     2 |       |       |       |       |       |       |       ||     2
         Chain mail        |       |       |    58 |       |       |       |       |       ||    58
         Plate armour      |       |       |   278 |   532 |   752 |   988 |  1004 |   688 ||  4242
  Dodge: Dodged            |    64 |   239 |   172 |   346 |   949 |  1649 |   892 |   639 ||  4950
  Block: Buckler           |       |       |       |       |   233 |   567 |   483 |   309 ||  1592

Table legend: (Time is in decaauts)
 A = Elapsed time spent in this place.
 B = Non-inter-level travel time spent in this place.
 C = Inter-level travel time spent in this place.
 D = Time resting spent in this place.
 E = Time spent auto-exploring this place.
 F = Levels seen in this place.
 G = Mean time per level.
                   A        B        C        D        E       F      G
               +--------+--------+--------+--------+--------+-----+--------+
         Total |  74662 |  67868 |   6794 |   4424 |  48220 |  52 | 1435.8 |
       Dungeon |  20995 |  18499 |   2496 |    962 |  13874 |  15 | 1399.7 |
        Temple |     57 |      3 |     54 |      0 |      0 |   1 |   57.0 |
          Lair |   9326 |   7977 |   1349 |     72 |   6713 |   5 | 1865.2 |
        Shoals |   7331 |   6838 |    493 |    258 |   4701 |   4 | 1832.8 |
     Snake Pit |   8049 |   7276 |    773 |    698 |   5105 |   4 | 2012.2 |
  Orcish Mines |   2326 |   1935 |    391 |     67 |   1434 |   2 | 1163.0 |
   Elven Halls |   6413 |   5929 |    484 |    548 |   3539 |   3 | 2137.7 |
        Vaults |   8629 |   8276 |    353 |    282 |   6400 |   4 | 2157.2 |
        Depths |   8452 |   8056 |    396 |    820 |   5519 |   4 | 2113.0 |
      Ziggurat |    663 |    663 |      0 |    320 |      0 |   7 |   94.7 |
         Sewer |    617 |    617 |      0 |      0 |    318 |   1 |  617.0 |
      Ice Cave |   1080 |   1080 |      0 |    347 |    242 |   1 | 1080.0 |
      Gauntlet |    719 |    719 |      0 |     50 |    373 |   1 |  719.0 |
               +--------+--------+--------+--------+--------+-----+--------+

Top non-repeatable levels by time:
     D:9: 3414 daAuts
   Elf:3: 2923 daAuts
Depths:3: 2906 daAuts
Depths:2: 2833 daAuts
Vaults:3: 2682 daAuts
 Snake:4: 2586 daAuts
  Lair:5: 2255 daAuts
Shoals:4: 2192 daAuts
Vaults:4: 2168 daAuts
    D:14: 2075 daAuts
Depths:1: 2052 daAuts
 Snake:2: 2035 daAuts
Vaults:1: 2011 daAuts
   Elf:1: 1977 daAuts
Shoals:1: 1943 daAuts
